 Dungeon Crawl Stone Soup version 0.23-a0-558-g30802b1 (webtiles) character file.

317 pmoppi the Cudgeler (level 6, -2/61 HPs)
             Began as a Troll Monk on Dec 12, 2018.
             Slain by Grinder (6 damage)
             ... while paralysed by Grinder
             ... on level 3 of the Dungeon.
             The game lasted 00:03:33 (1707 turns).

pmoppi the Cudgeler (Troll Monk)                    Turns: 1707, Time: 00:03:34

Health: -2/61      AC:  5    Str: 20    XL:     6   Next: 20%
Magic:  5/5        EV:  1    Int:  8    God:
Gold:   98         SH:  0    Dex: 12    Spells: 5/5 levels left

rFire    . . .     SeeInvis .     - Unarmed
rCold    . . .     Gourm    +   (no shield)
rNeg     . . .     Faith    .   a - +0 robe
rPois    .         Spirit   .   (helmet restricted)
rElec    .         Reflect  .   (no cloak)
rCorr    .         Harm     .   (gloves unavailable)
MR       .....                  (boots unavailable)
Stlth    ++........             (no amulet)
HPRegen  0.60/turn              (no ring)
MPRegen  0.09/turn              (no ring)

@: paralysed
A: large, unfitting armour, claws 3, fast metabolism 3, gourmand, regeneration
1, shaggy fur 1, tough skin 2
a: no special abilities


You were on level 3 of the Dungeon.
You were very full.

You visited 1 branch of the dungeon, and saw 3 of its levels.

You collected 98 gold pieces.

Inventory:

Hand Weapons
 m - a +0 flail
Armour
 a - a +0 robe (worn)
Scrolls
 d - a scroll of amnesia {unknown}
 e - a scroll of identify {unknown}
 g - 2 scrolls of teleportation {unknown}
 h - 2 scrolls of enchant weapon {unknown}
 i - 2 scrolls of remove curse {unknown}
 j - 2 scrolls of fog {unknown}
 k - 5 scrolls of enchant armour {unknown}
 l - a scroll of blinking {unknown}
Potions
 c - 3 potions of resistance
 n - a potion of curing {unknown}
 o - a potion of might {unknown}
Comestibles
 b - 6 rations


   Skills:
 + Level 3.6 Fighting
 * Level 3.6 Maces & Flails
 + Level 3.5 Dodging
 - Level 1.0 Stealth
 - Level 3.2 Unarmed Combat


You had 5 spell levels left.
You didn't know any spells.
Your spell library was empty.

Dungeon Overview and Level Annotations

Branches:
Dungeon (3/15)

Altars:
Dithmenos
Fedhas
Qazlal

Annotations:
D:1 exclusion: rat
D:3 Grinder


Innate Abilities, Weirdness & Mutations

You are too large for most types of armour.
You have claws for hands.
Your metabolism is lightning-fast.
You like to eat raw meat.
Your natural rate of healing is unusually fast.
You are covered in fur. (AC +1)
You have very tough skin. (AC +2)


Message History

You scratch Grinder.
Grinder is almost dead.
Grinder closely misses you.
You scratch Grinder.
Grinder is almost dead.
Grinder hits you!
You writhe in agony.
* * * LOW HITPOINT WARNING * * *
You barely miss Grinder.
Grinder is almost dead.
Grinder says, "I used to sell toenails on the black market."
Grinder gestures at you.
You suddenly lose the ability to move!
Grinder hits you.
* * * LOW HITPOINT WARNING * * *
You writhe in agony.
* * * LOW HITPOINT WARNING * * *
Grinder hits you!
* * * LOW HITPOINT WARNING * * *
You writhe in agony.
You die...

#.#.....P...#
####.##........# #
#....##..≈.....#.# #
#....##.^≈.#...#.#..
#....##§§≈_#.>......
#....##§≈§≈.≈(......
#....##.#§≈.........
#....##.#.........##
#(...##.##5@<.>.....
#....#[........####.
#....[[.######.#
#....#...........
###..#.#######.###
########..#.#
.......#.5######
.#####.#.........
.......
.#.###.#.########
.......


You could see Grinder.

Vanquished Creatures
  An ice beast (D:2)
  2 orc priests (D:3)
  Terence (D:2)
  3 gnolls (D:2)
  4 adders
  An ooze (D:2)
  3 dart slugs
  A leopard gecko (D:2)
  2 orcs (D:3)
  2 giant cockroaches
  8 goblins
  5 hobgoblins
  4 jackals (D:2)
  7 kobolds
  10 bats
  2 frilled lizards
  12 rats
68 creatures vanquished.

Vanquished Creatures (others)
  A goblin (D:1)
  A rat (D:1)
2 creatures vanquished.

Grand Total: 70 creatures vanquished

Notes
Turn   | Place    | Note
-------+----------+-------------------------------------------
     0 | D:1      | pmoppi the Troll Monk began the quest for the Orb.
     0 | D:1      | Reached XP level 1. HP: 22/22 MP: 0/0
   125 | D:1      | Reached XP level 2. HP: 29/29 MP: 1/1
   478 | D:1      | Reached skill level 1 in Maces & Flails
   637 | D:2      | Noticed Terence
   641 | D:2      | Reached XP level 3. HP: 36/36 MP: 2/2
   654 | D:2      | Killed Terence
   781 | D:2      | Reached XP level 4. HP: 45/45 MP: 3/3
  1059 | D:2      | Found a shadowy altar of Dithmenos.
  1209 | D:2      | Reached XP level 5. HP: 53/53 MP: 4/4
  1306 | D:3      | Found a stormy altar of Qazlal.
  1393 | D:3      | Found a blossoming altar of Fedhas.
  1482 | D:3      | Noticed Grinder
  1507 | D:3      | Noticed an ice beast
  1507 | D:3      | Paralysed by Grinder for 6 turns
  1605 | D:2      | Killed an ice beast
  1605 | D:2      | Reached XP level 6. HP: 15/61 MP: 5/5
  1693 | D:3      | Paralysed by Grinder for 4 turns
  1705 | D:3      | Paralysed by Grinder for 5 turns
  1707 | D:3      | Slain by Grinder

Vault maps used:
D:1:      evilmike_arrival_crescent, lemuel_flame_loot_1
D:2:      marbit_many_paths, uniq_terence
D:3:      grunt_temple_overflow_forces_of_nature,
          chequers_ecumenical_altar_simple, uniq_grinder

Skill      XL: |  1  2  3  4  5 |
---------------+----------------+-----
Maces & Flails | 1 2 3 |  3.6
Fighting       | 3 |  3.6
Dodging        | 3 |  3.5
Stealth        | |  1.0
Unarmed Combat | |  3.2

Action                   |  1- 3 |  4- 6 || total
-------------------------+-------+-------++-------
Melee: Unarmed           |    92 |   130 ||   222
       Punch             |     3 |     1 ||     4
 Stab: Sleeping          |     2 |     1 ||     3
  Eat: Chunk             |    13 |     6 ||    19
Armor: Robe              |    45 |    46 ||    91
Dodge: Dodged            |    55 |    71 ||   126

Table legend:
 A = Non-vault XP
 B = Vault XP
 C = Vault XP percentage of total XP
 D = Non-vault monster count
 E = Vault monster count
 F = Vault count percentage of total count
                 A         B        C        D         E       F
            +---------+---------+-------+---------+---------+-------
      Total |     416 |      37 |   8.2 |      66 |       2 |   2.9
            +---------+---------+-------+---------+---------+-------
        D:1 |      37 |       0 |   0.0 |      23 |       0 |   0.0
        D:2 |     269 |      37 |  12.1 |      32 |       2 |   5.9
        D:3 |     110 |       0 |   0.0 |      11 |       0 |   0.0
            +---------+---------+-------+---------+---------+-------
